 Dungeon Crawl Stone Soup version 0.30-a0-634-g8abc85282e (webtiles) character file.

Game seed: 3112275397040861622

950 kae the Changer (level 7, 0/57 HPs)
             Began as a Demonspawn Transmuter on Jan 14, 2023.
             Was an Initiate of Ru.
             Slain by Edmund
             ... wielding a +2 flail of holy wrath
              (9 damage)
             ... on level 6 of the Dungeon.
             The game lasted 00:05:25 (4494 turns).

kae the Changer (Demonspawn Transmuter)             Turns: 4494, Time: 00:05:26

Health: 0/57       AC:  6    Str: 10      XL:     7   Next: 90%
Magic:  10/13      EV:  9    Int: 17      God:    Ru [......]
Gold:   289        SH:  4    Dex: 10 (13) Spells: 4/14 levels left

rFire   x . .      SeeInvis .      - Unarmed
rCold   + + +      Faith    .    (shield currently unavailable)
rNeg    . . .      Spirit   .    (body armour currently unavailable)
rPois   +          Reflect  .    (helmet currently unavailable)
rElec   .          Harm     .    (cloak currently unavailable)
rCorr   .          Rampage  .    (gloves currently unavailable)
Will    .....                    (boots currently unavailable)
Stlth   +                        (no amulet)
HPRegen 0.29/turn                (no ring)
MPRegen 0.13/turn                (no ring)

@: ice-form
A: freezing attack, amphibious, boosted hp, large, (spiny 1), condensation
shield, (weakness stinger 2)
a: End Transformation, Renounce Religion, Sacrifice Arcana, Sacrifice Health,
Sacrifice Stealth, Reject Sacrifices


You were on level 6 of the Dungeon.
You worshipped Ru.
Ru was noncommittal.
You were a creature of crystalline ice.
You visited 2 branches of the dungeon, and saw 7 of its levels.

You collected 289 gold pieces.


Innate Abilities, Weirdness & Mutations

You are a creature of crystalline ice.
You have a powerful freezing melee attack.
You are amphibious.
Your maximum health is increased.
Your armour is entirely melded.
You are incapable of wielding weapons or throwing items.
((You are partially covered in sharp spines.))
A meltable shield of frost defends you. (SH +4)
((You have a tail ending in a sharp stinger.))


   Skills:
 - Level 1.0 Fighting
 - Level 1.7 Dodging
 + Level 4.6 Unarmed Combat
 + Level 4.3 Spellcasting
 * Level 5.7 Transmutations
 * Level 1.9 Ice Magic
 - Level 1.6 Poison Magic


You had 4 spell levels left.
You knew the following spells:

 Your Spells              Type           Power      Damage    Failure   Level
a - Beastly Appendage     Tmut           46%        N/A       1%          1
b - Wereblood             Tmut           23%        N/A       2%          2
c - Spider Form           Tmut/Pois      16%        N/A       10%         3
d - Ice Form              Ice/Tmut       16%        N/A       30%         4

Your spell library contained the following spells:

 Spells                   Type           Power      Damage    Failure   Level
 Passwall                 Tmut/Erth      10%        N/A       7%          2
 Sandblast                Erth           6%         2d5       16%         1
 Stone Arrow              Conj/Erth      6%         3d7       41%         3
 Alistair's Intoxication  Tmut/Pois      10%        N/A       67%         5
 Borgnjor's Vile Clutch   Necr/Erth      1%         N/A       99%         5
 Eringya's Noxious Bog    Tmut/Pois      8%         N/A       99%         6

Inventory:

Missiles
 d - 76 stones
 t - 4 poisoned darts
Armour
 a - a +1 robe (melded)
Magical Staves
 g - a staff of poison {!a}
   (You found it on level 3 of the Dungeon)
Jewellery
 c - the ring "Haam" {Fly Will+ rCorr Int-5 Dex+4}
   (You found it on level 4 of the Dungeon)

   [ring of willpower]

   Int:       It affects your intelligence (-5).
   Dex:       It affects your dexterity (+4).
   Fly:       It grants you flight.
   rCorr:     It protects you from acid and corrosion.
   Will:      It increases your willpower.
Wands
 o - a wand of mindburst (13)
   (You found it on level 5 of the Dungeon)
Scrolls
 i - a scroll of amnesia
 k - 2 scrolls of enchant armour
 n - 5 scrolls of immolation {!r!r}
 r - a scroll of poison {!r}
Potions
 b - a potion of lignification {!q}
 e - a potion of mutation {!q}
 f - a potion of heal wounds {@q2}
 h - 2 potions of brilliance
 j - a potion of cancellation
 l - a potion of berserk rage {!q}
 m - a potion of magic

Dungeon Overview and Level Annotations

Branches:
Dungeon (6/15) Zot: 26696  Temple (1/1) D:4 Zot: 5842

Altars:
Ashenzari
Cheibriados
Dithmenos
Hepliaklqana
Kikubaaqudgha
Makhleb
Nemelex Xobeh
Okawaru
Qazlal
Ru
Uskayaw
Vehumet
Wu Jian
Xom
Yredelemnul

Annotations:
D:5 3 runed translucent doors, tilp's ghost, novice MeFi
D:6 Edmund

###.......###
##.........
.....# ##.#######
#....# #..# #....
#..# .... #..#
... ##..# #.#
###...# ##@#
#....##### #.Y#
#.#.#....# #.##
..#.#....# #.#
###.#....# #.#
##..#....# ##.#
.........## ##..#
##.#####..###..##
#..# ##.[...##
#.## ##..###


You could see Edmund.


Message History

😮 HP[-14]
You take 14 damage, and now have 30/48 hp.
MASSIVE DAMAGE!! (PAUSE)
You hit the water moccasin but do no damage.
You feel very sick.
The water moccasin completely misses you. 😮 HP[-3] MP[+1]
You take 3 damage, and now have 27/48 hp.
Unknown command.
You hit the water moccasin.
The water moccasin is poisoned.
You feel very sick.
The water moccasin closely misses you. 😨 HP[-3]
You take 3 damage, and now have 24/48 hp.
You hit the water moccasin.
The water moccasin looks as sick as possible!
You feel very sick. The water moccasin bites you!
* * * LOW HITPOINT WARNING * * *
You are lethally poisoned!
The water moccasin poisons you! The water moccasin bites you.
* * * LOW HITPOINT WARNING * * *
You are more poisoned.
The water moccasin poisons you! 😱 HP[-13]
You take 13 damage, and now have 11/48 hp.
MASSIVE DAMAGE!! (PAUSE) Unknown command.
You feel better.
The water moccasin completely misses you. 😨 HP[+9]
You regained 9 hp, and now have 20/48 hp.
You hit the water moccasin.
You kill the water moccasin!
You feel your dexterity returning. 😨 HP[+1] Unknown command.
Your transformation has ended.
Your +1 robe unmelds from your body.
Unknown command.
Your magical contamination has completely faded away. 😮 HP[+7] MP[+4]
You regained 7 hp, and now have 28/48 hp.
You regained 4 mp, and now have 11/13 mp.
Key pressed, stopping explore.
Unknown command. 😮 HP[+3] MP[+1]
You regained 3 hp, and now have 31/48 hp.
You see here a +0 cloak.
Edmund the Younger comes into view.
He is wielding a +2 flail of holy wrath. 😎 HP[+17] MP[+1]
Your hp is fully restored (48).
Your mp is fully restored (13).
Edmund is nearby!
Edmund shouts!
Casting: Spider Form (dangerous; 10% risk of failure)
Confirm with . or Enter, or press ? or * to list all spells.
The spell is quite dangerous to miscast (30% risk of failure)!
Continue anyway? [Y]es or [N]o only, please.
The spell is quite dangerous to miscast (30% risk of failure)!
Continue anyway?
You turn into a creature of crystalline ice.
Your +1 robe melds into your body. 😎 HP[+9] MP[-4]
You now have 57 max hp (+9).
Your hp is fully restored (57).
You lost 4 mp, and now have 9/13 mp.
You hit Edmund. You freeze Edmund.
Edmund hits you with a +2 flail of holy wrath.
You convulse!
You hit Edmund but do no damage.
Edmund hits you with a +2 flail of holy wrath.
You convulse. 😮 HP[-17]
You take 17 damage, and now have 40/57 hp.
MASSIVE DAMAGE!! (PAUSE)
You hit Edmund but do no damage. You block Edmund's attack.
Unknown command.
You hit Edmund. You freeze Edmund. Edmund barely misses you.
You hit Edmund. You freeze Edmund.
Edmund hits you with a +2 flail of holy wrath!
You convulse!
* * * LOW HITPOINT WARNING * * *
😨 HP[-15] MP[+1]
You take 15 damage, and now have 25/57 hp.
MASSIVE DAMAGE!! (PAUSE)
You barely miss Edmund. Edmund barely misses you.
Unknown command.
You hit Edmund. You freeze Edmund. You punch Edmund! You freeze Edmund.
Edmund hits you with a +2 flail of holy wrath.
* * * LOW HITPOINT WARNING * * *
You convulse.
* * * LOW HITPOINT WARNING * * *
😨 HP[-8]
You take 8 damage, and now have 17/57 hp.
You hit Edmund but do no damage. Edmund barely misses you.
Unknown command.
You barely miss Edmund.
Edmund hits you with a +2 flail of holy wrath!
* * * LOW HITPOINT WARNING * * *
You convulse!
You die...

Skill      XL: |  1  2  3  4  5  6  7 |
---------------+----------------------+-----
Transmutations | 2 3 4 5 |  5.7
Unarmed Combat | 3 4 |  4.6
Poison Magic   | 1 |  1.6
Spellcasting   | 3 4 |  4.3
Ice Magic      | 1 |  1.9
Fighting       | |  1.0
Dodging        | |  1.7

Action                   |  1- 3 |  4- 6 |  7- 9 || total
-------------------------+-------+-------+-------++-------
Melee: Unarmed           |    74 |   158 |    53 ||   285
       Headbutt          |    11 |     5 |       ||    16
       Kick              |    14 |    10 |       ||    24
       Tailslap          |     5 |     6 |       ||    11
       Punch             |     3 |     1 |       ||     4
 Cast: Beastly Appendage |    16 |    16 |       ||    32
       Spider Form       |     3 |    16 |     5 ||    24
       Wereblood         |       |     1 |       ||     1
       Ice Form          |       |       |     2 ||     2
Evoke: Wand              |       |       |     1 ||     1
  Use: Scroll            |     7 |     7 |     3 ||    17
       Potion            |       |       |     1 ||     1
 Stab: Sleeping          |       |     1 |       ||     1
Armor: Robe              |    11 |    21 |     3 ||    35
       Skin              |     1 |    14 |     2 ||    17
Dodge: Dodged            |    47 |   176 |    27 ||   250
Block: Other             |     7 |    43 |     2 ||    52

Levels and vault maps discovered:
D:1:      shiori_arrival_whats_in_store_for_you, layout_loops_ring,
          hangedman_abyss_or_decor_stabs
D:2:      layout_rooms, serial_shops, nicolae_square_shop,
          hellmonk_ecumenical_altar_leap_of_faith
D:3:      layout_loops_ring, uniq_terence
D:4:      layout_basic, serial_demonic, serial_demonic_a, serial_demonic_a,
          serial_demonic_c, serial_demonic_b
D:5:      layout_rooms, serial_corexii_hall, corexii_hall_statues_deadend,
          corexii_hall_statues_i, chequers_hall_statues_corner_a,
          biasface_ghost_orc_armoury
D:6:      layout_rooms, uniq_edmund, uniq_prince_ribbit1
Temple:   nicolae_temple_x_marks_the_god

Notes
Turn   | Place    | Note
-------+----------+-------------------------------------------
     0 | D:1      | kae the Demonspawn Transmuter began the quest for the Orb.
     0 | D:1      | Reached XP level 1. HP: 15/15 MP: 3/3
     0 | D:1      | magus.rc [v1.11.3]
    17 | D:1      | Noticed a merfolk zombie
   191 | D:1      | Reached skill level 2 in Transmutations
   525 | D:1      | You feel monstrous as your demonic heritage exerts itself.
   525 | D:1      | Discovered your monstrous ancestry.
   525 | D:1      | Gained mutation: You have a small tail. [demonic ancestry]
   525 | D:1      | Reached XP level 2. HP: 21/21 MP: 3/5
   740 | D:1      | Learned a level 2 spell: Wereblood
   814 | D:2      | Found Basanih's Antique Weapon Emporium.
   847 | D:2      | Reached skill level 3 in Unarmed Combat
   946 | D:2      | Gained mutation: A meltable shield of frost defends you.
                  | (SH +4) [demonic ancestry]
   946 | D:2      | Reached XP level 3. HP: 23/26 MP: 4/6
   950 | D:2      | Learned a level 3 spell: Spider Form
  1230 | D:2      | Reached skill level 3 in Transmutations
  1293 | D:2      | Gained mutation: You have a tail ending in a sharp stinger.
                  | [demonic ancestry]
  1293 | D:2      | Reached XP level 4. HP: 30/32 MP: 3/8
  1484 | D:2      | Reached skill level 1 in Poison Magic
  1545 | D:2      | Found a faded altar of an unknown god.
  1760 | D:3      | You add the spells Alistair's Intoxication, Borgnjor's Vile
                  | Clutch and Eringya's Noxious Bog to your library.
  1800 | D:3      | Reached XP level 5. HP: 37/37 MP: 7/9
  2200 | D:3      | Noticed Terence
  2219 | D:3      | Killed Terence
  2402 | D:4      | Found a staircase to the Ecumenical Temple.
  2423 | D:4      | Reached skill level 3 in Spellcasting
  2443 | Temple   | Entered the Ecumenical Temple
  2592 | Temple   | Became a worshipper of Ru the Awakened
  2662 | D:4      | Reached skill level 4 in Transmutations
  2666 | D:4      | Gained mutation: You are partially covered in sharp spines.
                  | [demonic ancestry]
  2666 | D:4      | Reached XP level 6. HP: 35/43 MP: 4/10
  2726 | D:4      | Identified the ring "Haam" {Fly Will+ rCorr Int-5 Dex+4}
  2998 | D:4      | You pick up a book of Geomancy and begin reading...
  2998 | D:4      | You add the spells Sandblast, Passwall and Stone Arrow to
                  | your library.
  3155 | D:5      | Entered Level 5 of the Dungeon
  3262 | D:5      | Reached skill level 4 in Unarmed Combat
  3532 | D:5      | HP: 10/43 [ogre/+0 giant club (23)]
  3538 | D:5      | Reached XP level 7. HP: 13/48 MP: 6/12
  3772 | D:5      | Reached skill level 5 in Transmutations
  3876 | D:5      | Reached skill level 4 in Spellcasting
  3955 | D:5      | Found a runed translucent gate.
  3956 | D:5      | Found a runed translucent gate.
  3956 | D:5      | Noticed tilp's ghost (novice MeFi)
  3957 | D:5      | Found a runed translucent gate.
  3964 | D:5      | Identified the +9 hand axe "Qizos" {venom, rC+}
  4168 | D:5      | Learned a level 4 spell: Ice Form
  4189 | D:6      | Noticed Prince Ribbit
  4209 | D:6      | Killed Prince Ribbit
  4210 | D:6      | Reached skill level 1 in Ice Magic
  4365 | D:6      | HP: 11/48 [water moccasin (2)]
  4480 | D:6      | Noticed Edmund
  4494 | D:6      | HP: 9/57 [Edmund/+2 flail of holy wrath (8)]
  4494 | D:6      | Slain by Edmund

Vanquished Creatures
  Prince Ribbit (D:6)
  A water moccasin (D:6)
  An ogre (D:5)
  A phantom (D:5)
  3 quasits (D:4)
  A hound (D:5)
  A gnoll bouda (D:2)
  An iguana (D:4)
  Terence (D:3)
  2 orc wizards (D:5)
  8 gnolls
  3 adders
  3 shadow imps (D:4)
  2 white imps (D:4)
  4 ufetubi
  A worm (D:4)
  5 dart slugs
  7 orcs
  4 ball pythons
  3 bats
  5 endoplasms
  A giant cockroach (D:4)
  7 goblins
  7 hobgoblins
  5 jackals
  2 quokkas
  3 kobolds
  4 rats
87 creatures vanquished.

Table legend:
 A = Non-vault XP
 B = Vault XP
 C = Vault XP percentage of total XP
 D = Non-vault monster count
 E = Vault monster count
 F = Vault count percentage of total count
                 A         B        C        D         E       F
            +---------+---------+-------+---------+---------+-------
      Total |     856 |     502 |  37.0 |      75 |      12 |  13.8
            +---------+---------+-------+---------+---------+-------
        D:1 |      19 |       0 |   0.0 |      10 |       0 |   0.0
        D:2 |     165 |       0 |   0.0 |      27 |       0 |   0.0
        D:3 |      27 |      38 |  58.5 |       7 |       1 |  12.5
        D:4 |     109 |     200 |  64.7 |      18 |      10 |  35.7
        D:5 |     383 |       0 |   0.0 |      12 |       0 |   0.0
        D:6 |     153 |     264 |  63.3 |       1 |       1 |  50.0
            +---------+---------+-------+---------+---------+-------

Illustrated notes

Table legend:
 A = Kills in this place as a percentage of kills in entire the game.
 B = Kills by you in this place as a percentage of kills by you in the entire game.
 C = Kills by friends in this place as a percentage of kills by friends in the entire game.
 D = Other kills in this place as a percentage of other kills in the entire game.
 E = Experience gained in this place as a percentage of experience gained in the entire game.
 F = Experience gained in this place divided by the number of levels of this place that you have seen.
                   A       B       C       D       E      F
               +-------+-------+-------+-------+-------+----------------------
         Total | 100.0 | 100.0 |   N/A |   N/A | 100.0 | 194.0
       Dungeon | 100.0 | 100.0 |   N/A |   N/A | 100.0 | 226.3
               +-------+-------+-------+-------+-------+----------------------

Table legend: (Time is in decaauts)
 A = Elapsed time spent in this place.
 B = Non-inter-level travel time spent in this place.
 C = Inter-level travel time spent in this place.
 D = Time resting spent in this place.
 E = Time spent auto-exploring this place.
 F = Levels seen in this place.
 G = Mean time per level.
                   A        B        C        D        E       F      G
               +--------+--------+--------+--------+--------+-----+--------+
         Total |   4476 |   4278 |    198 |    345 |   3113 |   7 |  639.4 |
       Dungeon |   4318 |   4127 |    191 |    343 |   2985 |   6 |  719.7 |
        Temple |    157 |    150 |      7 |      2 |    128 |   1 |  157.0 |
               +--------+--------+--------+--------+--------+-----+--------+

Top non-repeatable levels by time:
     D:2: 879 daAuts
     D:5: 814 daAuts
     D:4: 807 daAuts
     D:1: 781 daAuts
     D:3: 733 daAuts
     D:6: 302 daAuts
  Temple: 157 daAuts
